 Dungeon Crawl Stone Soup version 0.27.1-1-g398f81649c (webtiles) character file.

Game seed: 17824627643823314096

1430 Borgoz the Slasher (level 8, 0/73 HPs)
             Began as a Minotaur Berserker on Sept 19, 2021.
             Was an Elder of Trog.
             Slain by an orc warrior (14 damage)
             ... on level 6 of the Dungeon.
             The game lasted 00:05:46 (4346 turns).

Borgoz the Slasher (Minotaur Berserker)             Turns: 4346, Time: 00:05:46

Health: 0/73       AC:  9    Str: 21    XL:     8   Next: 45%
Magic:  7/7        EV: 13    Int:  4    God:    Trog [****..]
Gold:   261        SH:  0    Dex: 19    Spells: 7/7 levels left

rFire    . . .     SeeInvis .   f - +4 long sword (freeze)
rCold    . . .     Faith    .   (no shield)
rNeg     . . .     Spirit   .   k - +0 scale mail
rPois    +         Reflect  .   (helmet restricted)
rElec    .         Harm     .   l - +0 cloak
rCorr    .         Rampage  .   (no gloves)
Will     ++...                  (no boots)
Stlth    ..........             (no amulet)
HPRegen  1.22/turn              c - +6 ring of dexterity
MPRegen  0.10/turn              i - ring of poison resistance

@: strong-willed, regenerating
A: horns 2, retaliatory headbutt
a: Renounce Religion, Berserk, Trog's Hand, Brothers in Arms


You were on level 6 of the Dungeon.
You worshipped Trog.
Trog was greatly pleased with you.
You visited 1 branch of the dungeon, and saw 6 of its levels.
You also visited: Sewer.

You collected 261 gold pieces.

Inventory:

Hand Weapons
 f - a +4 long sword of freezing (weapon)
Armour
 k - a +0 scale mail (worn)
 l - a +0 cloak (worn)
 o - the +0 pair of boots of Repulsion {Fly rN+ Str-3}
   (You found it on level 5 of the Dungeon)

   Str:       It affects your strength (-3).
   rN:        It protects you from negative energy.
   Fly:       It grants you flight.
Jewellery
 b - a ring of resist corrosion
 c - a +6 ring of dexterity (left hand)
 i - a ring of poison resistance (right hand)
 p - a +4 ring of protection
Scrolls
 n - 2 scrolls of blinking
Potions
 a - 2 potions of flight
 d - a potion of cancellation
 e - a potion of might
 g - a potion of attraction
 h - a potion of lignification {unknown}
 j - a potion of heal wounds {unknown}
 m - a potion of haste


   Skills:
 + Level 7.2 Fighting
 + Level 7.3 Long Blades
 + Level 6.7 Armour
 + Level 6.0 Dodging


You had 7 spell levels left.
You didn't know any spells.
Your spell library was empty.

Dungeon Overview and Level Annotations

Branches:
Dungeon (6/15)             Temple (0/1) D:4           Sewer (visited)

Altars:
Elyvilon
Makhleb
Qazlal
Ru
Wu Jian
Xom

Shops:
D:6 !


Innate Abilities, Weirdness & Mutations

You have a pair of horns on your head.
You reflexively headbutt those who attack you in melee.


Message History

You hit the orc. You freeze the orc.
You kill the orc!
Trog accepts your kill.
A sky beast appears from thin air!
Reactivating autopickup.
The sky beast hits you but does no damage.
The orc priest hits you but does no damage.
You hit the sky beast. You freeze the sky beast.
You kill the sky beast!
Trog accepts your kill.
The orc priest hits you with a +0 dagger of freezing.
The orc priest freezes you.
Your Dodging skill increases to level 6!
You hit the orc priest but do no damage.
The orc warrior barely misses you. The orc hits you with a +0 whip.
The orc warrior closely misses you.
You hit the orc priest. You freeze the orc priest.
The orc priest is moderately wounded.
The orc priest barely misses you.
You riposte.
You hit the orc priest. You freeze the orc priest.
The orc priest is almost dead.
The orc hits you with a +0 whip.
The orc warrior hits you from afar with a +1 glaive of protection!
You are too injured to fight recklessly!
You are too injured to fight recklessly!
You are too injured to fight recklessly!
You are too injured to fight recklessly!
You are too injured to fight recklessly!
You are too injured to fight recklessly!
You are too injured to fight recklessly!
Your skin crawls.
You feel strong-willed.
The orc priest invokes the aid of Beogh against you.
Beogh smites you!
* * * LOW HITPOINT WARNING * * *
The orc priest hits you with a +0 short sword.
* * * LOW HITPOINT WARNING * * *
The orc hits you but does no damage.
The orc warrior hits you from afar with a +1 glaive of protection!
You die...

#....## #8.∩.8#
##....## #...<.#
#...).########
#...#.##.....##
#...#).....$.?##
?....##.........#
......
#.o@o.....#
####...
#...o.....# #...
#..o......#
#.........#
#........##
#§§§.......
§§≈§≈.≈.≈..
..#§..#...#.


You could see an orc warrior, 2 orc priests and an orc.

Vanquished Creatures
  2 necrophages
  A sky beast (D:6)
  3 ogres
  A phantom (D:5)
  Blork the orc (D:6)
  A bullfrog (Sewer)
  2 scorpions
  3 hounds
  An orc priest (D:4)
  A jelly (D:4)
  Crazy Yiuf (D:3)
  4 iguanas
  2 orc wizards
  Terence (D:3)
  4 gnolls (D:4)
  7 adders
  An ufetubus (D:5)
  An adder skeleton (D:4)
  2 worms
  3 dart slugs
  10 orcs
  14 ball pythons
  4 bats
  12 endoplasms
  6 giant cockroaches
  5 goblins
  8 hobgoblins
  14 quokkas
  9 frilled lizards
  A jackal skeleton (D:3)
  7 kobolds
  5 rats
137 creatures vanquished.

Vanquished Creatures (others)
  2 orcs (D:3)
  A hobgoblin (D:3)
  A frilled lizard (D:3)
  2 kobolds (D:3)
  A rat (D:3)
  4 toadstools (D:1)
11 creatures vanquished.

Grand Total: 148 creatures vanquished

Notes
Turn   | Place    | Note
-------+----------+-------------------------------------------
     0 | D:1      | Borgoz the Minotaur Berserker began the quest for the Orb.
     0 | D:1      | Reached XP level 1. HP: 19/19 MP: 0/0
   125 | D:1      | Reached XP level 2. HP: 22/27 MP: 1/1
   519 | D:1      | Reached ** piety under Trog
   648 | D:2      | Reached XP level 3. HP: 15/33 MP: 2/2
   925 | D:2      | Found a faded altar of an unknown god.
  1471 | D:3      | Found a sacrificial altar of Ru.
  1478 | D:3      | Reached XP level 4. HP: 34/37 MP: 3/3
  1851 | D:3      | Noticed Terence
  1857 | D:3      | Killed Terence
  2181 | D:3      | Noticed a necrophage
  2187 | D:3      | Killed a necrophage
  2188 | D:3      | Reached XP level 5. HP: 47/47 MP: 4/4
  2315 | D:3      | Found a runed translucent door.
  2316 | D:3      | Noticed Crazy Yiuf
  2398 | D:3      | Found a shimmering altar of Xom.
  2403 | D:3      | Reached skill level 5 in Long Blades
  2657 | D:3      | Killed Crazy Yiuf
  2658 | D:3      | Reached skill level 5 in Fighting
  2731 | D:4      | Reached XP level 6. HP: 56/56 MP: 5/5
  2731 | D:4      | Reached *** piety under Trog
  2753 | D:4      | Found a staircase to the Ecumenical Temple.
  2865 | D:4      | Reached skill level 5 in Armour
  2870 | D:4      | Reached XP level 7. HP: 47/62 MP: 6/6
  3115 | D:4      | Found a glowing drain.
  3127 | Sewer    | Entered a sewer
  3435 | Sewer    | Reached **** piety under Trog
  3738 | D:5      | Entered Level 5 of the Dungeon
  3763 | D:5      | Identified the +6 whip of Gravity {vorpal, Will+}
  3764 | D:5      | Identified the +0 pair of boots of Repulsion {Fly rN+
                  | Str-3}
  3772 | D:5      | Reached skill level 5 in Dodging
  4022 | D:5      | Found a burning altar of Makhleb.
  4030 | D:5      | Found an ornate altar of the Wu Jian Council.
  4044 | D:5      | Found a white marble altar of Elyvilon.
  4054 | D:5      | Found a stormy altar of Qazlal.
  4080 | D:5      | Reached XP level 8. HP: 71/71 MP: 7/7
  4295 | D:6      | Found Utaetsow's Distillery.
  4298 | D:6      | Noticed Blork the orc
  4307 | D:6      | Killed Blork the orc
  4346 | D:6      | Slain by an orc warrior

Illustrated notes

Levels and vault maps discovered:
D:1:      ldierk_water_garden, layout_rooms
D:2:      layout_basic, basic_ecumenical_altar
D:3:      layout_basic, xom_confusion_cloud,
          nicolae_ru_great_annihilating_truth, uniq_crazy_yiuf_cottage,
          uniq_terence
D:4:      layout_loops_ring, minmay_temple_entry_arrows, portal_sewer_entry_d
D:5:      layout_cave_pools, nicolae_overflow_quartered_altars
D:6:      layout_rooms, serial_shops, shop, shop, kennysheep_little_box,
          nicolae_lakefront_shop, nicolae_stop_n_shop_2, grunt_decor_resistance,
          hangedman_feature_mirror, kennysheep_crisscross, kennysheep_potato,
          uniq_eustachio, uniq_duvessa, uniq_blork_the_orc, uniq_menkaure

Skill      XL: |  1  2  3  4  5  6  7  8 |
---------------+-------------------------+-----
Fighting       | 4 5 6 7 |  7.2
Long Blades    | 4 5 6 7 |  7.3
Armour         | 3 4 5 6 |  6.7
Dodging        | 3 4 5 6 |  6.0

Action                   |  1- 3 |  4- 6 |  7- 9 || total
-------------------------+-------+-------+-------++-------
Melee: Falchion          |    55 |       |       ||    55
       Headbutt          |    11 |    13 |    20 ||    44
       Long sword        |    13 |    62 |   106 ||   181
Invok: Berserk           |       |     2 |       ||     2
       Trog's Hand       |       |     1 |     2 ||     3
  Use: Scroll            |     6 |     4 |     5 ||    15
 Stab: Sleeping          |       |     3 |       ||     3
       Paralysed         |       |     1 |       ||     1
Armor: Animal skin       |    15 |       |       ||    15
       Scale mail        |       |    14 |    42 ||    56
Dodge: Dodged            |    44 |    28 |    69 ||   141
       Rpst.: Falchion   |     6 |       |       ||     6
       Long sword        |     2 |     4 |    24 ||    30
